 Dungeon Crawl Stone Soup version 0.32-a0-995-gb4a59205af (webtiles) character file.

Game seed: 5340452592456108898

421763 protoss039 the Warrior (level 22, -5/148 (186) HPs)
             Began as a Demonspawn Earth Elementalist on Apr 22, 2024.
             Was the Champion of Vehumet.
             Killed from afar by a shadow dragon (34 damage)
             ... with a bolt of negative energy
             ... on level 2 of the Depths.
             The game lasted 04:15:34 (68503 turns).

protoss039 the Warrior (DsEE)                      Turns: 68503, Time: 04:15:36

HP:   -5/148 (186)  AC: 35    Str: 16    XL:     22   Next: 66%
MP:   2/42          EV: 10    Int: 26    God:    Vehumet [******]
Gold: 812           SH: 13    Dex: 13    Spells: 1/54 levels left

rFire   + + +        a - +9 demon trident (venom)
rCold   + . .        J - +0 kite shield {reflect}
rNeg    . . .        R - quicksilver dragon scales
rPois   +            M - +0 helmet
rElec   .            A - +0 cloak {Will+}
rCorr   +            (gloves unavailable)
SInv    +            Q - +2 pair of boots {Fly}
Will    ++++.        Z - amulet "Asauppo" {Acrobat ^Fragile rF+++ SInv}
Stlth   ++           q - ring "Sany" {Fly rC+ rCorr Str+6}
HPRegen 0.44/turn    V - ring "Ofoliw" {Wiz rPois Will+}
MPRegen 0.28/turn

%: reflection, acrobat, wizardry (x1)
@: sanguine armoured, flying, very slightly contaminated, studying 2 skills,
heavily drained
A: ignite blood 3, powered by death 3, sanguine armour 3, corrupting presence 1,
demonic touch 3
}: 2/15 runes: serpentine, barnacled
a: Renounce Religion


You were on level 2 of the Depths.
You worshipped Vehumet.
Vehumet was exalted by your worship.
You visited 9 branches of the dungeon, and saw 40 of its levels.
You also visited: Bailey, Gauntlet, Ice Cave, Volcano and Wizlab.

You collected 6157 gold pieces.
You spent 5345 gold pieces at shops.

Inventory:

Hand Weapons
 a - a +9 demon trident of venom (weapon)
 d - the +5 falchion "Ufoy" {spect, rElec Int+4 Dex-5}
   (You found it on level 5 of the Lair of Beasts)

   Int+4:     It affects your intelligence (+4).
   Dex-5:     It affects your dexterity (-5).
   rElec:     It insulates you from electricity.
 s - the +4 dagger of Osutiepe {freeze, Str+3 SInv}
   (You bought it in a shop on level 2 of the Orcish Mines)

   Str+3:     It affects your strength (+3).
   SInv:      It lets you see invisible.
 x - the +7 morningstar "Beinumij" {freeze, Fly rElec rN++ Dex-5}
   (You took it off an ogre mage on level 3 of the Vaults)

   Dex-5:     It affects your dexterity (-5).
   rElec:     It insulates you from electricity.
   rN++:      It greatly protects you from negative energy.
   Fly:       It grants you flight.
Missiles
 n - 7 throwing nets (quivered)
 y - 14 silver javelins
Armour
 A - a +0 cloak of willpower (worn)
 B - a +2 tower shield of protection
 J - a +0 kite shield of reflection (worn)
 L - the +9 scales of the Dragon King {rPois rF+ rC+ Will+}
   (You took it off a deep elf high priest on level 3 of the Elven Halls)

   rF+:       It protects you from fire.
   rC+:       It protects you from cold.
   rPois:     It protects you from poison.
   Will+:     It increases your willpower.
 M - a +0 helmet (worn)
 Q - a +2 pair of boots of flying (worn)
 R - quicksilver dragon scales (worn)
 W - the +13 plate armour "Kyal" {+Blink rCorr SInv}
   (You found it in a Gauntlet)

   SInv:      It lets you see invisible.
   +Blink:    It lets you blink.
   rCorr:     It protects you from acid and corrosion.
Jewellery
 q - the ring "Sany" (left hand) {Fly rC+ rCorr Str+6}
   (You bought it in a shop on level 2 of the Elven Halls)

   [ring of strength]

   Str+6:     It affects your strength (+6).
   rC+:       It protects you from cold.
   Fly:       It grants you flight.
   rCorr:     It protects you from acid and corrosion.
 E - the ring "Luizxor" {Fly rC- rN+ Int+6}
   (You found it in a Gauntlet)

   [ring of intelligence]

   Int+6:     It affects your intelligence (+6).
   rC-:       It makes you vulnerable to cold.
   rN+:       It protects you from negative energy.
   Fly:       It grants you flight.
 O - an amulet of reflection
 V - the ring "Ofoliw" (right hand) {Wiz rPois Will+}
   (You found it in a Gauntlet)

   [ring of wizardry]

   Wiz:       It improves your spell success rate.
   rPois:     It protects you from poison.
   Will+:     It increases your willpower.
 Z - the amulet "Asauppo" (around neck) {Acrobat ^Fragile rF+++ SInv}
   (You bought it in a shop on level 3 of the Shoals)

   [amulet of the acrobat]

   Acrobat:   It increases your evasion while moving and waiting.
   rF+++:     It renders you almost immune to fire.
   SInv:      It lets you see invisible.
   ^Fragile:  It will be destroyed if unequipped.
Talismans
 r - a granite talisman
Wands
 k - a wand of mindburst (24)
 G - a wand of roots (41)
 K - a wand of acid (24)
 N - a wand of digging (22)
Scrolls
 e - 6 scrolls of blinking
 g - 14 scrolls of teleportation
 l - 7 scrolls of poison
 o - 8 scrolls of fog
 p - 3 scrolls of immolation
 D - 2 scrolls of torment
 F - 7 scrolls of enchant armour
 H - 3 scrolls of revelation
 P - 3 scrolls of amnesia
 S - 3 scrolls of brand weapon
 T - a scroll of butterflies
 U - 9 scrolls of fear
Potions
 b - 10 potions of magic
 c - 10 potions of lignification
 f - 28 potions of curing
 h - 7 potions of might
 i - 5 potions of haste
 j - 11 potions of mutation
 m - 7 potions of enlightenment
 t - 2 potions of berserk rage
 u - 2 potions of ambrosia
 v - 8 potions of brilliance
 w - 5 potions of resistance
 z - 9 potions of heal wounds
 C - 4 potions of invisibility
 X - 5 potions of cancellation
Miscellaneous
 I - a tin of tremorstones (2/2)


   Skills:
 + Level 18.9 Fighting
 - Level 6.1 Polearms
 + Level 16.6 Armour
 - Level 3.0 Dodging
 - Level 3.0 Stealth
 - Level 15.0 Shields
 + Level 16.9 Spellcasting
 + Level 13.0 Conjurations
 - Level 6.0 Necromancy
 - Level 3.0 Translocations
 - Level 6.0 Ice Magic
 - Level 3.0 Air Magic
 * Level 15.6 Earth Magic
 - Level 6.0 Evocations
 + Level 10.5 Shapeshifting


You had one spell level left.
You knew the following spells:

 Your Spells              Type           Power      Damage    Failure   Level
a - Sandblast             Erth           100%       2d20      0%          1
b - Passwall              Erth           80%        N/A       1%          3
c - Stone Arrow           Conj/Erth      100%       3d13      1%          3
d - Lee's Rapid Deconstr  Erth           40%        3d20*     1%          5
e - Iskenderun's Mystic   Conj/Tloc      59%        2d12      (+2d61%     4
f - Irradiate             Conj/Alch      27%        3d20      1%          5
g - Mephitic Cloud        Conj/Alch/Air  49%        N/A       1%          3
h - Freezing Cloud        Conj/Ice/Air   28%        6-21      1%          5
i - Borgnjor's Vile Clut  Necr/Erth      33%        N/A       1%          5
j - Bombard               Conj/Erth      38%        9d7       1%          6
k - Lehudib's Crystal Sp  Conj/Erth      38%        10d10     11%         8
l - Arcjolt               Conj/Air       29%        1d39      1%          5

Your spell library contained the following spells:

 Spells                   Type           Power      Damage    Failure   Level
 Shatter                  Erth           40%        3d31*     58%         9
 Fire Storm               Conj/Fire      27%        8d7       99%         9
 Polar Vortex             Ice            26%        12d3*     99%         9
 Apportation              Tloc           74%        N/A       1%          1
 Foxfire                  Conj/Fire      100%       2x1d9     1%          1
 Necrotise                Necr           100%       1d9       1%          1
 Shock                    Conj/Air       100%       1d9       1%          1
 Sting                    Conj/Alch      100%       1d9       1%          1
 Summon Small Mammal      Summ           84%        N/A       2%          1
 Blink                    Tloc           74%        N/A       1%          2
 Ensorcelled Hibernation  Hex/Ice        74%        N/A       1%          2
 Lesser Beckoning         Tloc           74%        N/A       1%          2
 Mercury Vapours          Alch/Air       58%        N/A       1%          2
 Momentum Strike          Conj/Tloc      100%       3d10      1%          2
 Static Discharge         Conj/Air       100%       3-8/arc   1%          2
 Sublimation of Blood     Necr           52%        N/A       1%          2
 Dazzling Flash           Conj/Hex       100%       N/A       1%          3
 Vampiric Draining        Necr           52%        2d9       1%          3
 Volatile Blastmotes      Fire/Tloc      58%        2d14      1%          3
 Airstrike                Air            18%        2d(3-19)  1%          4
 Animate Armour           Summ/Erth      100%       N/A       1%          4
 Brom's Barrelling Bould  Conj/Erth      77%        2d9       1%          4
 Flame Wave               Conj/Fire      54%        2d13      1%          4
 Fulminant Prism          Conj/Alch      27%        3d14      1%          4
 Leda's Liquefaction      Alch/Erth      29%        N/A       1%          4
 Petrify                  Alch/Erth      58%        N/A       1%          4
 Fireball                 Conj/Fire      27%        3d12      1%          5
 Iskenderun's Battlesphe  Conj           74%        2d12      1%          5
 Permafrost Eruption      Ice/Erth       33%        2x4d8     1%          6
 Inner Flame              Hex/Fire       21%        N/A       2%          3
 Maxwell's Portable Pile  Tloc           37%        2d(8-24)  2%          3
 Swiftness                Air            37%        N/A       2%          3
 Teleport Other           Tloc           37%        N/A       2%          3
 Orb of Destruction       Conj           37%        9d11      2%          7
 Call Imp                 Summ           42%        N/A       3%          2
 Jinxbite                 Hex            42%        N/A       3%          2
 Conjure Ball Lightning   Conj/Air       29%        3x3d8     4%          6
 Olgreb's Toxic Radiance  Alch           21%        N/A       6%          4
 Sticky Flame             Fire/Alch      21%        2d6       6%          4
 Curse of Agony           Necr           52%        N/A       6%          5
 Anguish                  Hex/Necr       18%        N/A       7%          4
 Martyr's Knell           Necr/Summ      37%        N/A       7%          4
 Passage of Golubria      Tloc           37%        N/A       7%          4
 Vhi's Electric Charge    Tloc/Air       74%        N/A       7%          4
 Starburst                Conj/Fire      27%        6d9       7%          6
 Call Canine Familiar     Summ           21%        N/A       8%          3
 Confusing Touch          Hex            21%        N/A       8%          3
 Sigil of Binding         Hex            21%        N/A       8%          3
 Tukima's Dance           Hex            21%        N/A       8%          3
 Magnavolt                Erth/Air       31%        3d16      11%         7
 Dimensional Bullseye     Hex/Tloc       14%        N/A       13%         4
 Summon Lightning Spire   Summ/Air       29%        N/A       13%         4
 Yara's Violent Unravell  Hex/Alch       10%        3d6       16%         5
 Summon Blazeheart Golem  Fire/Summ      21%        N/A       24%         4
 Death Channel            Necr           26%        N/A       30%         6
 Spellforged Servitor     Conj/Summ      27%        N/A       30%         7
 Silence                  Hex/Air        14%        N/A       32%         5
 Summon Forest            Summ/Tloc      14%        N/A       32%         5
 Ozocubu's Refrigeration  Ice            26%        4d13      36%         7
 Plasma Beam              Fire/Air       14%        2x1d25    38%         6
 Alistair's Intoxication  Alch           14%        N/A       52%         5
 Eringya's Noxious Bog    Alch           10%        4d6       56%         6
 Sculpt Simulacrum        Ice/Alch       18%        N/A       69%         6
 Rimeblight               Ice/Necr       26%        2d6       (prima83%   7
 Fulsome Fusillade        Conj/Alch      27%        (3-5)d10  87%         8
 Maxwell's Capacitive Co  Air            18%        ∞         99%         8
 Enfeeble                 Hex            10%        N/A       100%        7
 Summon Hydra             Summ           10%        N/A       100%        7
 Discord                  Hex            10%        N/A       100%        8
 Disjunction              Tloc           18%        N/A       100%        8


Dungeon Overview and Level Annotations

Branches:
Dungeon (15/15) Zot: 22829  Temple (1/1) D:7 Zot: 5770    Lair (5/5) D:8 Zot: 23586
 Shoals (4/4) Lair:3 Zot: 17121   Snake (4/4) Lair:2 Zot: 18469   Slime (0/5) Lair:4
    Orc (2/2) D:11 Zot: 10298     Elf (3/3) Orc:2 Zot: 10211  Vaults (4/5) D:13 Zot: 16046
  Crypt (0/3) Vaults:3     Depths (2/4) D:15 Zot: 8360  Bailey (visited)
  IceCv (visited)         Volcano (visited)          WizLab (visited)
Gauntlet (visited)

Altars:
Ashenzari
Cheibriados
Dithmenos
Fedhas
Gozag
Hepliaklqana
Kikubaaqudgha
Makhleb
Nemelex Xobeh
Okawaru
Qazlal
Ru
Sif Muna
Trog
Uskayaw
Vehumet
Wu Jian
Xom
Yredelemnul
Jiyva

Shops:
D:4 (   D:6 *(   D:9 [   Orc:2 (*!?   Elf:2 **(=   Elf:3 =   Shoals:2 !
Shoals:3 =(?(   Shoals:4 [   Snake:3 :   Vaults:1 *   Vaults:4 [   Depths:2 :==

Portals:
Hell: Depths:1 Depths:2
Abyss: Depths:2
Pandemonium: Depths:1 Depths:2
Trove: Vaults:4 (give +8 demon blade)

Annotations:
D:3 Grinder
D:8 3 runed translucent doors, 2 exclusions, Konar's ghost, novice CoHu; PaleRider's ghost, novice GnWr; Takeo's ghost, novice CoHu; bmj180's ghost, novice HuCj
D:15 Roxanne
Snake:1 2 transporters, Ifuif's ghost, adept CoHu
Vaults:3 2 transporters, GrimJard's ghost, veteran MiFi


Innate Abilities, Weirdness & Mutations

Your demonic aura causes all spilled blood to erupt in flames.
You regenerate a lot of health from kills.
When seriously injured, your blood forms very thick armour. (AC +12)
Your presence sometimes corrodes those you injure.
Your touch may irresistibly damage your foes and sap their willpower.


Message History

You are too injured to fight recklessly!
Unknown command.
Unknown command.
Unknown command.
Aiming: Corrosive Bolt
Press: ? - help, Shift-Dir - straight line, f/p - ancient lich
Aim: an ancient lich (freezing vapour, severely damaged, fast, slightly transparent, constricted by zombie hands, 100% to hit)
The bolt of acid hits the ancient lich!
The ancient lich is severely damaged.
The bolt of acid hits the soul eater but does no damage.
The soul eater is moderately wounded.
The zombie hands constrict the ancient lich!
The ancient lich is engulfed in freezing vapours.
The ancient lich touches you but does no damage.
The shadow dragon is engulfed in freezing vapours.
Unknown command.
Aiming: Corrosive Bolt
Press: ? - help, Shift-Dir - straight line, f - deep elf death mage, p - ancient lich
Aim: a deep elf death mage, wielding a +0 dagger (64% to hit)
The bolt of acid hits the ancient lich!
The acid corrodes the ancient lich!
The ancient lich is almost destroyed.
The bolt of acid hits the soul eater.
The soul eater is moderately wounded.
The bolt of acid hits the shadow dragon!!
The acid corrodes the shadow dragon!
The shadow dragon is lightly wounded.
The bolt of acid hits the deep elf death mage!
The acid corrodes the deep elf death mage!
The deep elf death mage is moderately wounded.
The zombie hands constrict the ancient lich.
You zombie hands return to the earth.
The ancient lich touches you but does no damage.
The shadow dragon is engulfed in freezing vapours.
The shadow dragon breathes negative energy at you.
The bolt of negative energy hits the soul eater.
The soul eater completely resists.
The bolt of negative energy hits the ancient lich.
The ancient lich completely resists.
The bolt of negative energy hits you!!
You feel drained.
You die...

........#.####
#......##'#####
#.......'...)# #......##.###
#.......#.##.# #.....3+....#
#.).....#.##.# #......##.#.#
#.).÷...#.##.# #......##...#
#.......#.##.###
#......##.###
#...........(..# #..§.[.##.#
#..........#.#.####D§*...##.#
#......#...#...)@L3§°e...'..#
'......#...###.####§○....#..#
#.#...###...##.# ###'####.##
..#...#>#...##.# #.∩....#
.##..##.##..##.# #.######
.....#...#.....# #.#
....##...##..#.######.#
....#.....#...........#
...##.....##...######.#


You could see a shadow dragon (catching breath, corroded), an ancient lich
(fast, invisible, corroded), a deep elf death mage (corroded), a soul eater and
a lost soul (summoned).

Vanquished Creatures
  Saint Roka (Vaults:1)
  Norris (Elf:2)
  Jorgrun (Shoals:1)
  Zenata (Elf:2)
  A walking earthen tome (WizLab)
  2 quicksilver dragons
  A sphinx (Vaults:3)
  A titan (Vaults:4)
  2 deep elf blademasters
  A walking divine tome (Depths:2)
  A deep elf master archer (Elf:3)
  Frances (Snake:2)
  A storm dragon (Depths:2)
  Kirke (D:13)
  Donald (Vaults:4)
  A shadow dragon (Depths:2)
  2 strange machines (WizLab)
  Agnes (Elf:2)
  3 nagarajas (Snake:4)
  4 fire giants
  6 deep elf sorcerers
  A draconian scorcher (Depths:1)
  3 frost giants
  11 vault wardens
  Louise (Snake:1)
  10 deep elf elementalists
  A formless jellyfish (Vaults:1)
  3 orc warlords
  14 ironbound thunderhulks
  12 ironbound preservers
  7 stone giants
  5 very ugly things (Depths:2)
  3 vampire knights (Depths:2)
  A juggernaut skeleton (Depths:2)
  4 deep elf annihilators
  7 deep elf death magi
  4 deep elf demonologists (Elf:3)
  Azrael (D:13)
  15 dire elephants
  Snorg (Orc:1)
  A minotaur (Gauntlet)
  5 ettins
  4 merfolk impalers
  4 merfolk javelineers (Shoals:4)
  A blizzard demon (Depths:1)
  3 jiangshi (Depths:2)
  2 eidola (Vaults:2)
  5 fire dragons
  A crystal guardian (Vaults:2)
  7 great orbs of eyes
  5 yaktaur captains
  6 deep elf high priests (Elf:3)
  Fannar (Lair:3)
  Erolcha (D:10)
  4 hydras
  7 rakshasas
  3 salamander tyrants (Snake:4)
  A sphinx zombie (D:15)
  10 vault guards
  A juggernaut simulacrum (Depths:2)
  2 peacekeepers
  A catoblepas (Lair:5)
  6 ogre magi
  7 boulder beetles
  3 death knights
  2 merfolk avatars
  16 centaur warriors
  A spriggan air mage (Depths:1)
  9 ironbound frosthearts
  A ghost crab (Gauntlet)
  37 dancing weapons
  11 anacondas
  2 alligator snapping turtles (Shoals:4)
  16 two-headed ogres
  3 deep troll shamans
  6 shock serpents
  4 deep troll earth magi
  6 satyrs (Shoals:4)
  6 tengu warriors
  11 naga warriors
  16 naga sharpshooters
  3 vampire magi
  23 deep elf knights
  3 orc high priests
  13 death yaks
  7 hell knights
  3 occultists
  Sonja (Orc:1)
  2 sixfirhies (Depths:2)
  4 iron trolls
  11 deep elf archers
  A salamander mystic (Snake:4)
  10 skeletal warriors
  A storm dragon zombie (D:15)
  44 deep trolls
  8 mana vipers
  10 sea snakes
  8 skysharks
  A shadow demon (Depths:2)
  A mana viper (shapeshifter) (Depths:2)
  A glowing orange brain (Depths:2)
  A shadow dragon zombie (Depths:2)
  4 naga ritualists
  35 slime creatures
  11 arcanists
  13 lindwurms
  An orb spider (shapeshifter) (Depths:2)
  19 ironbound convokers
  8 orc knights
  Pikel (D:6)
  7 thermic dynamos
  12 harpies
  A wolf spider (D:13)
  16 cyclopes
  8 necromancers
  23 ugly things
  34 deep elf pyromancers
  8 salamanders
  3 orc sorcerers
  32 deep elf zephyrmancers
  A fire giant skeleton (Vaults:3)
  A tengu skeleton (Depths:2)
  21 fauns
  Maurice (D:9)
  12 manticores
  16 elephants
  5 toenail golems (Volcano)
  5 water nymphs
  10 merfolk sirens
  15 black mambas
  7 guardian serpents
  A water nymph (shapeshifter) (Vaults:4)
  An ice statue (IceCv)
  A frost giant skeleton (Depths:2)
  15 naga magi
  2 kobold blastminers (Orc:1)
  6 gargoyles
  A smoke demon (Depths:2)
  3 torpor snails
  26 vault sentinels
  7 cane toads
  An unseen horror (shapeshifter) (Elf:1)
  2 unseen horrors (D:12)
  3 kobold demonologists (D:13)
  17 yaktaurs
  A minotaur zombie (Gauntlet)
  3 centaur skeletons (D:13)
  14 rime drakes
  A rime drake (shapeshifter) (D:13)
  A tengu conjurer (D:13)
  A yaktaur zombie (Vaults:3)
  11 komodo dragons
  A freezing wraith (Vaults:3)
  12 trolls
  4 wind drakes (Shoals:4)
  20 merfolk
  2 hornets
  8 polar bears
  A queen bee (shapeshifter) (D:15)
  8 blink frogs
  2 raiju (D:8)
  10 snapping turtles
  22 dream sheep
  4 air elementals
  A centaur simulacrum (D:13)
  3 water elementals
  5 shadows (D:12)
  5 vampires
  6 wyverns
  3 hogs (D:13)
  6 wraiths
  63 yaks
  2 fire bats (Lair:1)
  2 basilisks
  4 fire elementals
  3 wargs
  2 steam dragons
  5 humans (Volcano)
  16 vampire mosquitoes
  Menkaure (D:4)
  4 acid dragons
  33 nagas
  Edmund (D:4)
  17 water moccasins
  2 hell hounds (D:13)
  30 orc warriors
  3 black bears
  An ettin simulacrum (Vaults:3)
  An ice beast (D:5)
  4 laughing skulls
  28 wolves
  26 ogres
  10 centaurs
  A lemure (D:6)
  2 phantoms
  A human zombie (Vaults:3)
  2 kobold brigands
  11 bullfrogs
  A gnoll sergeant (D:7)
  2 earth elementals (Elf:2)
  2 scorpions
  6 wights
  24 killer bees
  4 electric eels
  6 howler monkeys
  2 vampire bats (D:8)
  A lava snake (Lair:1)
  6 hounds
  4 jellies
  2 bombardier beetles
  16 orc priests
  3 gnoll boudas
  16 orc wizards
  Natasha (D:4)
  A sleepcap (D:6)
  Ijyb (D:3)
  6 iguanas
  A boggart skeleton (D:13)
  20 gnolls
  12 adders
  A shadow imp (D:8)
  4 white imps
  2 ufetubi (D:5)
  2 dart slugs (D:3)
  A ribbon worm (D:5)
  97 orcs
  10 bats
  4 endoplasms
  4 giant cockroaches
  6 goblins
  9 hobgoblins
  4 jackals (D:4)
  A quokka (D:1)
  7 ball pythons
  8 frilled lizards
  9 kobolds
  7 rats
1691 creatures vanquished.

Vanquished Creatures (collateral kills)
  A sea snake (Shoals:1)
  3 boulders
4 creatures vanquished.

Vanquished Creatures (others)
  An occultist (D:13)
  A deep elf knight (Elf:1)
  A deep elf zephyrmancer (Elf:2)
  2 boulders
  5 spectral weapons
10 creatures vanquished.

Grand Total: 1705 creatures vanquished

Notes
Turn   | Place    | Note
-------+----------+-------------------------------------------
     0 | D:1      | protoss039 the Demonspawn Earth Elementalist began the
                  | quest for the Orb.
     0 | D:1      | Reached XP level 1. HP: 13/13 MP: 3/3
   260 | D:1      | Gained mutation: Your touch may inflict minor irresistible
                  | damage on your foes. [demonic ancestry]
   260 | D:1      | Reached XP level 2. HP: 18/20 MP: 1/5
   380 | D:1      | Reached skill level 1 in Fighting
  1047 | D:2      | Gained mutation: You regenerate a little health from kills.
                  | [demonic ancestry]
  1047 | D:2      | Reached XP level 3. HP: 26/26 MP: 4/6
  1596 | D:2      | Learned a level 3 spell: Passwall
  1600 | D:2      | Learned a level 3 spell: Stone Arrow
  1716 | D:3      | Reached skill level 2 in Fighting
  1731 | D:3      | Gained mutation: Your demonic aura sometimes causes spilled
                  | blood to erupt in flames. [demonic ancestry]
  1731 | D:3      | Reached XP level 4. HP: 33/33 MP: 1/8
  1843 | D:3      | Found an ancient bone altar of Kikubaaqudgha.
  2077 | D:3      | Noticed Ijyb
  2311 | D:3      | Noticed Grinder
  2431 | D:4      | Found Dyp Qeug's Weapon Emporium.
  2456 | D:4      | Reached XP level 5. HP: 39/39 MP: 7/9
  2472 | D:4      | Noticed Menkaure
  2538 | D:3      | Killed Ijyb
  2613 | D:4      | Reached skill level 1 in Armour
  2699 | D:4      | Killed Menkaure
  2700 | D:4      | Gained mutation: When seriously injured, your blood forms
                  | armour. (AC +12) [demonic ancestry]
  2700 | D:4      | Reached XP level 6. HP: 33/46 MP: 6/10
  3109 | D:4      | Noticed Natasha
  3109 | D:4      | Noticed Edmund
  3117 | D:4      | Killed Natasha
  3118 | D:4      | Reached skill level 3 in Fighting
  3121 | D:4      | Killed Edmund
  3182 | D:4      | Reached XP level 7. HP: 41/52 MP: 2/12
  3681 | D:5      | Entered Level 5 of the Dungeon
  4232 | D:5      | Reached skill level 4 in Fighting
  4323 | D:5      | Reached XP level 8. HP: 53/60 MP: 2/14
  4533 | D:5      | Reached skill level 1 in Evocations
  4612 | D:5      | Reached skill level 5 in Earth Magic
  5055 | D:6      | Found an opulent altar of Gozag.
  5170 | D:6      | Reached skill level 5 in Fighting
  5366 | D:6      | Reached skill level 5 in Spellcasting
  5615 | D:6      | Found Xinwall's Antique Weapon Boutique.
  5645 | D:6      | Gained mutation: Your demonic aura often causes spilled
                  | blood to erupt in flames. [demonic ancestry]
  5645 | D:6      | Reached XP level 9. HP: 54/69 MP: 6/17
  6178 | D:6      | Noticed Pikel
  6186 | D:6      | Killed Pikel
  6187 | D:6      | Reached skill level 6 in Fighting
  6339 | D:6      | Found Gozag's Platinum Reserve.
  6803 | D:7      | Reached skill level 7 in Fighting
  6920 | D:7      | Found a staircase to the Ecumenical Temple.
  6943 | Temple   | Entered the Ecumenical Temple
  6966 | Temple   | Became a worshipper of Vehumet
  7748 | D:8      | Found a staircase to the Lair.
  7799 | D:8      | Found a runed translucent gate.
  7799 | D:8      | Found a runed translucent gate.
  7799 | D:8      | Found a runed translucent gate.
  7801 | D:8      | Noticed bmj180's ghost (novice HuCj)
  7801 | D:8      | Noticed PaleRider's ghost (novice GnWr)
  7802 | D:8      | Noticed Konar's ghost (novice CoHu)
  7803 | D:8      | Noticed Konar's ghost (novice CoHu)
  7803 | D:8      | Noticed Takeo's ghost (novice CoHu)
  7924 | D:8      | Reached skill level 1 in Shields
  7924 | D:8      | Gained mutation: When seriously injured, your blood forms
                  | thick armour. (AC +12) [demonic ancestry]
  7924 | D:8      | Reached XP level 10. HP: 79/79 MP: 13/20
  7928 | D:8      | Reached * piety under Vehumet
  7928 | D:8      | Offered knowledge of Foxfire by Vehumet.
  9093 | D:9      | Found a flagged portal.
  9139 | Bailey   | Entered a bailey
  9147 | Bailey   | Reached ** piety under Vehumet
  9147 | Bailey   | Offered knowledge of Shock by Vehumet.
  9203 | Bailey   | Learned a level 4 spell: Brom's Barrelling Boulder
  9554 | Bailey   | Noticed an orc knight
  9579 | Bailey   | Killed an orc knight
  9831 | Bailey   | Gained mutation: You regenerate health from kills. [demonic
                  | ancestry]
  9831 | Bailey   | Reached XP level 11. HP: 85/85 MP: 21/21
 10196 | D:9      | Acquired a +1 demon trident of venom
 10501 | D:9      | Reached skill level 5 in Conjurations
 10538 | D:9      | Offered knowledge of Dazzling Flash by Vehumet.
 10691 | D:9      | Reached *** piety under Vehumet
 10842 | D:9      | Reached skill level 8 in Fighting
 11078 | D:9      | Found Kimek's Antique Armour Shoppe.
 11286 | D:9      | Noticed Maurice
 11290 | D:9      | Killed Maurice
 11740 | D:9      | Learned a level 4 spell: Iskenderun's Mystic Blast
 11779 | D:10     | Entered Level 10 of the Dungeon
 11791 | D:10     | Offered knowledge of Hailstorm by Vehumet.
 11794 | D:10     | Noticed Erolcha
 12180 | D:11     | Noticed a boulder beetle
 12192 | D:11     | Killed a boulder beetle
 12193 | D:11     | Reached skill level 1 in Translocations
 12336 | D:11     | Reached XP level 12. HP: 87/94 MP: 23/23
 12666 | D:11     | Found a staircase to the Orcish Mines.
 12871 | D:11     | Noticed a boulder beetle
 12897 | D:11     | Killed a boulder beetle
 12897 | D:11     | Reached **** piety under Vehumet
 13016 | D:12     | Noticed a great orb of eyes
 13027 | D:12     | Killed a great orb of eyes
 13028 | D:12     | Reached skill level 1 in Polearms
 13154 | D:12     | Identified the +4 ring mail "Oxuyt" {^Contam Will- Str+3
                  | Slay+2}
 13239 | D:12     | Offered knowledge of Mephitic Cloud by Vehumet.
 13252 | D:12     | Learned a level 3 spell: Mephitic Cloud
 13444 | D:12     | Reached skill level 5 in Armour
 13877 | D:12     | Reached skill level 9 in Fighting
 15879 | D:12     | Gained mutation: Your touch may inflict irresistible damage
                  | on your foes. [demonic ancestry]
 15879 | D:12     | Reached XP level 13. HP: 60/101 MP: 12/25
 16302 | D:12     | Reached skill level 5 in Evocations
 16621 | D:13     | Noticed Kirke
 16713 | D:13     | Found a frozen archway.
 16891 | IceCv    | Entered an ice cave
 17111 | IceCv    | Reached skill level 10 in Fighting
 17193 | IceCv    | Reached ***** piety under Vehumet
 17193 | IceCv    | Offered knowledge of Eringya's Noxious Bog by Vehumet.
 17614 | IceCv    | Reached skill level 10 in Shields
 17703 | IceCv    | Noticed a frost giant
 17732 | IceCv    | Killed a frost giant
 17857 | IceCv    | Reached skill level 10 in Spellcasting
 18604 | D:13     | Reached skill level 11 in Fighting
 19020 | D:13     | Reached skill level 1 in Air Magic
 19127 | D:13     | Reached XP level 14. HP: 91/112 MP: 21/28
 19338 | D:13     | Killed Kirke
 19975 | D:13     | Found a hide-covered altar of Uskayaw.
 20171 | D:13     | Noticed Azrael
 20349 | D:13     | Killed Azrael
 20356 | D:13     | Offered knowledge of Bombard by Vehumet.
 21122 | D:13     | Learned a level 6 spell: Bombard
 21709 | D:13     | Reached skill level 12 in Fighting
 22044 | D:13     | Acquired a manual of Armour
 22057 | D:13     | Found a gate to the Vaults.
 22435 | D:14     | Found a gate leading to a gauntlet.
 22447 | Gauntlet | Entered a Gauntlet
 22447 | Gauntlet | Found a transporter.
 22447 | Gauntlet | Found a transporter.
 22447 | Gauntlet | Found a runed translucent door.
 22447 | Gauntlet | Found a runed translucent door.
 22500 | Gauntlet | Found a transporter.
 22516 | Gauntlet | Found a transporter.
 22516 | Gauntlet | Found a transporter.
 22516 | Gauntlet | Found a transporter.
 22518 | Gauntlet | Found a transporter.
 22518 | Gauntlet | Found a transporter.
 22531 | Gauntlet | Found a transporter.
 22547 | Gauntlet | Found a transporter.
 22556 | Gauntlet | Found a runed translucent gate.
 22557 | Gauntlet | Found a transporter.
 22557 | Gauntlet | Found a runed translucent gate.
 22558 | Gauntlet | Found a runed translucent gate.
 22583 | Gauntlet | Found a transporter.
 22602 | Gauntlet | Found a transporter.
 22614 | Gauntlet | Found a transporter.
 22649 | Gauntlet | Identified the ring "Luizxor" {Fly rC- rN+ Int+6}
 22865 | Gauntlet | Identified the ring "Ofoliw" {Wiz rPois Will+}
 22886 | Gauntlet | Identified the +2 pair of gloves of Greed {Rampage +Blink
                  | Will- Int+5}
 22911 | Gauntlet | Identified the +13 plate armour "Kyal" {+Blink rCorr SInv}
 23469 | D:15     | Entered Level 15 of the Dungeon
 23781 | D:15     | Reached XP level 15. HP: 120/122 MP: 7/30
 24056 | D:15     | Found a staircase to the Depths.
 24661 | D:15     | Identified the +2 flail "Yloho" {freeze, Int+3 Stlth+}
 24831 | D:15     | Noticed Roxanne
 25833 | D:10     | Killed Erolcha
 26129 | Lair:1   | Entered Level 1 of the Lair of Beasts
 26131 | Lair:1   | Offered knowledge of Starburst by Vehumet.
 26134 | Lair:1   | Reached skill level 10 in Earth Magic
 26812 | Lair:1   | Found a snail-covered altar of Cheibriados.
 27075 | Lair:2   | Found a dark tunnel.
 27105 | Volcano  | Entered a volcano
 27736 | Lair:2   | Reached skill level 13 in Fighting
 27895 | Lair:2   | Identified the +1 chain mail of Pedoijiane {Str+6}
 28067 | Lair:2   | Found a staircase to the Snake Pit.
 28072 | Lair:2   | Identified the +1 quarterstaff "Ceokk" {heavy, ^Fragile
                  | Int+2 Dex+2}
 28468 | Lair:3   | Found a staircase to the Shoals.
 28530 | Lair:3   | Noticed Fannar
 28540 | Lair:3   | Killed Fannar
 28801 | Lair:3   | Offered knowledge of Magnavolt by Vehumet.
 28827 | Lair:3   | Learned a level 5 spell: Borgnjor's Vile Clutch
 29079 | Lair:3   | Reached skill level 1 in Necromancy
 29582 | Lair:3   | Learned a level 5 spell: Arcjolt
 29599 | Lair:4   | Found a staircase to the Slime Pits.
 29599 | Lair:4   | Found a viscous altar of Jiyva.
 29972 | Lair:4   | Got Sif Muna's Spellbook of Displacement
 30889 | Lair:5   | Entered Level 5 of the Lair of Beasts
 31248 | Lair:5   | Gained mutation: Your touch may irresistibly damage your
                  | foes and sap their willpower. [demonic ancestry]
 31248 | Lair:5   | Reached XP level 16. HP: 131/131 MP: 16/32
 31515 | Lair:5   | Reached skill level 10 in Armour
 31908 | Lair:5   | Offered knowledge of Freezing Cloud by Vehumet.
 32104 | Lair:5   | Identified the +5 falchion "Ufoy" {spect, rElec Int+4
                  | Dex-5}
 32405 | Lair:5   | Learned a level 5 spell: Freezing Cloud
 32618 | Orc:1    | Entered Level 1 of the Orcish Mines
 32709 | Orc:1    | Noticed Snorg
 32712 | Orc:1    | Reached skill level 1 in Ice Magic
 32717 | Orc:1    | Killed Snorg
 33017 | Orc:2    | Entered Level 2 of the Orcish Mines
 33023 | Orc:2    | Reached skill level 14 in Fighting
 33157 | Orc:2    | Found a staircase to the Elven Halls.
 33383 | Orc:2    | Found Qenkacuh's General Store.
 33391 | Orc:2    | Reached ****** piety under Vehumet
 33395 | Orc:2    | Found Hargham's Antique Weapon Emporium.
 33397 | Orc:2    | Found Supar's Distillery.
 33408 | Orc:2    | Found Fonguz's Magic Scroll Shoppe.
 33418 | Orc:2    | Bought a scroll of identify for 32 gold pieces
 33418 | Orc:2    | Bought a scroll of blinking for 120 gold pieces
 33424 | Orc:2    | Bought a potion of curing for 48 gold pieces
 33424 | Orc:2    | Bought a potion of curing for 48 gold pieces
 33424 | Orc:2    | Bought a potion of haste for 160 gold pieces
 33424 | Orc:2    | Bought a potion of cancellation for 128 gold pieces
 33424 | Orc:2    | Bought 2 potions of heal wounds for 160 gold pieces
 33424 | Orc:2    | Bought 2 potions of magic for 256 gold pieces
 33431 | Orc:2    | Bought a scroll of teleportation for 45 gold pieces
 33469 | Orc:2    | Bought a masterwork dagger for 168 gold pieces
 33469 | Orc:2    | Identified the +4 dagger of Osutiepe {freeze, Str+3 SInv}
                  | (You bought it in a shop on level 2 of the Orcish Mines)
 33469 | Orc:2    | Bought a fading war axe for 204 gold pieces
 33469 | Orc:2    | Identified the +5 war axe of Earthquakes {pain, rCorr Str+4
                  | Stlth+} (You bought it in a shop on level 2 of the Orcish
                  | Mines)
 33751 | Orc:1    | Offered knowledge of Irradiate by Vehumet.
 33843 | Orc:1    | Noticed Sonja
 33846 | Orc:1    | Killed Sonja
 34152 | Orc:1    | Learned a level 5 spell: Irradiate
 34313 | Snake:1  | Entered Level 1 of the Snake Pit
 34314 | Snake:1  | Noticed Louise
 34334 | Snake:1  | Killed Louise
 34606 | Snake:1  | Found a transporter.
 34619 | Snake:1  | Found a transporter.
 34619 | Snake:1  | Noticed Ifuif's ghost (adept CoHu)
 35580 | Snake:2  | Noticed Frances
 35589 | Snake:2  | Killed Frances
 35837 | Snake:2  | Gained mutation: Your demonic aura causes all spilled blood
                  | to erupt in flames. [demonic ancestry]
 35837 | Snake:2  | Reached XP level 17. HP: 105/140 MP: 27/33
 36490 | Snake:3  | Found Waicwadgh's Book Shop.
 36730 | Snake:3  | Reached skill level 15 in Fighting
 37393 | Snake:3  | Offered knowledge of Maxwell's Capacitive Coupling by
                  | Vehumet.
 37525 | Snake:4  | Entered Level 4 of the Snake Pit
 39389 | Snake:4  | Reached skill level 5 in Necromancy
 39390 | Snake:4  | Noticed a quicksilver dragon
 39398 | Snake:4  | Killed a quicksilver dragon
 39534 | Snake:4  | Reached skill level 10 in Conjurations
 39764 | Snake:4  | Got a serpentine rune of Zot
 39907 | Shoals:1 | Entered Level 1 of the Shoals
 40187 | Shoals:1 | Noticed Jorgrun
 40202 | Shoals:1 | Killed Jorgrun
 40498 | Shoals:1 | Gained mutation: When seriously injured, your blood forms
                  | very thick armour. (AC +12) [demonic ancestry]
 40498 | Shoals:1 | Reached XP level 18. HP: 124/150 MP: 26/35
 41188 | Shoals:2 | Found Azinutol's Distillery.
 41195 | Shoals:2 | Bought a potion of curing for 57 gold pieces
 41195 | Shoals:2 | Bought 2 potions of heal wounds for 190 gold pieces
 41195 | Shoals:2 | Bought a potion of magic for 152 gold pieces
 41195 | Shoals:2 | Bought a potion of invisibility for 152 gold pieces
 42239 | Shoals:3 | Found Woeceoh's Weapon Boutique.
 42324 | Shoals:3 | Found Xuubus's Jewellery Shoppe.
 42985 | Shoals:3 | Found Gack's Antique Weapon Shoppe.
 43090 | Shoals:3 | Bought a brightly glowing whip for 202 gold pieces
 43090 | Shoals:3 | Identified the +8 whip "Yhigoc" {speed, rCorr} (You bought
                  | it in a shop on level 3 of the Shoals)
 43433 | Shoals:3 | Found Darunt's Magic Scroll Shop.
 43448 | Shoals:3 | Bought a scroll of teleportation for 48 gold pieces
 43448 | Shoals:3 | Bought 2 scrolls of identify for 64 gold pieces
 43898 | Shoals:4 | Entered Level 4 of the Shoals
 43903 | Shoals:4 | Offered knowledge of Fire Storm by Vehumet.
 43903 | Shoals:4 | Offered knowledge of Shatter by Vehumet.
 43903 | Shoals:4 | Offered knowledge of Polar Vortex by Vehumet.
 44141 | Shoals:4 | Reached skill level 16 in Fighting
 44201 | Shoals:4 | Found Laisipse's Armour Boutique.
 44783 | Shoals:4 | Bought a +2 pair of boots of flying for 344 gold pieces
 44888 | Shoals:4 | Got a barnacled rune of Zot
 46341 | Shoals:4 | Identified the +5 scale mail "Waile" {rF- Str+3 Int+2 SInv}
 46856 | Elf:1    | Entered Level 1 of the Elven Halls
 47369 | Elf:1    | Identified the +3 leather armour "Muybuu" {Int+2}
 47510 | Elf:1    | Paralysed by an air elemental for 1 turns
 47512 | Elf:1    | Paralysed by an air elemental for 1 turns
 48625 | Elf:1    | Got the Grimoire of Confrontation
 48795 | Elf:2    | Gained mutation: You regenerate a lot of health from kills.
                  | [demonic ancestry]
 48795 | Elf:2    | Reached XP level 19. HP: 144/147 MP: 22/37
 48803 | Elf:2    | Found Guugoecs's Assorted Antiques.
 48804 | Elf:2    | Reached skill level 15 in Armour
 49238 | Elf:2    | Bought a wand of roots (6) for 619 gold pieces
 49349 | Elf:2    | Found Kolaunec's Weapon Shop.
 49433 | Elf:2    | Found Mivexues's Jewellery Boutique.
 49510 | Elf:2    | Found Zoxteum's General Store.
 49512 | Elf:2    | Bought a scroll of amnesia for 84 gold pieces
 49512 | Elf:2    | Bought a scroll of blinking for 157 gold pieces
 49706 | Elf:2    | Found Ymesicoh's Antique Weapon Shoppe.
 49801 | Elf:2    | Found a runed translucent gate.
 49801 | Elf:2    | Found a runed translucent gate.
 49801 | Elf:2    | Found a runed translucent gate.
 50148 | Elf:2    | Noticed Agnes
 50160 | Elf:2    | Noticed Zenata
 50166 | Elf:2    | Killed Agnes
 50187 | Elf:2    | Killed Zenata
 50371 | Elf:2    | Reached skill level 15 in Spellcasting
 50415 | Elf:2    | Noticed Norris
 50677 | Elf:2    | Killed Norris
 50802 | Elf:2    | Bought a wand of roots (3) for 151 gold pieces
 50922 | Elf:2    | Reached skill level 17 in Fighting
 51337 | Elf:3    | Entered Level 3 of the Elven Halls
 51371 | Elf:3    | Paralysed by an air elemental for 1 turns
 51373 | Elf:3    | Paralysed by an air elemental for 1 turns
 51815 | Elf:3    | Found Qotaof's Jewellery Emporium.
 52545 | Elf:3    | Paralysed by an air elemental for 1 turns
 53310 | Elf:3    | Reached XP level 20. HP: 144/159 MP: 21/39
 53519 | Elf:3    | Identified the ring "Pausoytz" {rN+ Int+6}
 53524 | Elf:3    | Identified the +1 robe of Voff {rF+}
 54107 | Elf:3    | Got the Elucidation of Energy
 54140 | Elf:3    | Identified the staff of the Pit {rF- rN+ Will+ Int+3 Necro
                  | Alchemy}
 54156 | Elf:3    | Identified the +5 chain mail "Manisudu" {^Drain rPois rN+}
 54168 | Elf:3    | Identified the staff "Dutizoro" {rPois rN+ Str+3 Conj}
 54175 | Elf:3    | Identified the +11 sling "Newt's Nightmare" {flame, rF- rN+
                  | Str+2 Stlth+}
 54643 | Vaults:1 | Entered Level 1 of the Vaults
 54645 | Vaults:1 | Noticed Saint Roka
 54660 | Vaults:1 | Killed Saint Roka
 54661 | Vaults:1 | Reached skill level 1 in Shapeshifting
 55407 | Vaults:1 | Found Zahusui's General Store.
 56759 | Vaults:1 | Reached skill level 5 in Shapeshifting
 56847 | Vaults:1 | Reached skill level 18 in Fighting
 57516 | Vaults:2 | Reached skill level 5 in Ice Magic
 57936 | Vaults:2 | Gained mutation: Your presence sometimes corrodes those you
                  | injure. [demonic ancestry]
 57936 | Vaults:2 | Reached XP level 21. HP: 157/177 MP: 19/41
 59961 | Vaults:3 | Identified the +7 morningstar "Beinumij" {freeze, Fly rElec
                  | rN++ Dex-5}
 60171 | Vaults:3 | Found a staircase to the Crypt.
 60329 | Vaults:3 | Found a transporter.
 60329 | Vaults:3 | Found a transporter.
 60333 | Vaults:3 | Found a bloodstained altar of Trog.
 60333 | Vaults:3 | Noticed GrimJard's ghost (veteran MiFi)
 60714 | Vaults:4 | Reached skill level 5 in Polearms
 60935 | Vaults:4 | Found Qynko's Armour Boutique.
 61320 | Vaults:4 | Noticed Donald
 61330 | Vaults:4 | Killed Donald
 62277 | Vaults:4 | Found a portal to a secret trove of treasure.
 62602 | Elf:2    | Bought the ring "Sany" {Fly rC+ rCorr Str+6} for 980 gold
                  | pieces
 62889 | Shoals:3 | Bought the amulet "Asauppo" {Acrobat ^Fragile rF+++ SInv}
                  | for 776 gold pieces
 63491 | Depths:1 | Entered Level 1 of the Depths
 63659 | Depths:1 | Reached XP level 22. HP: 181/183 MP: 17/42
 63853 | Depths:1 | Found a faded altar of an unknown god.
 64006 | Depths:1 | Found a gateway to Hell.
 64125 | Depths:1 | Reached skill level 15 in Earth Magic
 64748 | Depths:1 | Found a one-way gate leading to the halls of Pandemonium.
 65176 | Depths:2 | Found a one-way gate to the infinite horrors of the Abyss.
 65302 | Depths:2 | Found a magical portal.
 65475 | Depths:2 | Found an ornate altar of the Wu Jian Council.
 65535 | WizLab   | Entered Tukima's Studio
 65542 | WizLab   | Learned a level 5 spell: Lee's Rapid Deconstruction
 65551 | WizLab   | Learned a level 8 spell: Lehudib's Crystal Spear
 65807 | WizLab   | Reached skill level 10 in Shapeshifting
 66444 | WizLab   | Got Fonoa's Compilation of Spellbinding
 67470 | Depths:2 | Identified the +3 ring mail "Vyosm" {Harm rN+ Int+2 SInv}
 67994 | Depths:2 | Reached skill level 15 in Shields
 68039 | Depths:2 | Found Quops's Jewellery Boutique.
 68040 | Depths:2 | Found Saykae's Book Emporium.
 68041 | Depths:2 | Found Arurimm's Jewellery Boutique.
 68399 | Depths:2 | Noticed an ancient lich
 68503 | Depths:2 | Killed from afar by a shadow dragon

Illustrated notes

Levels and vault maps discovered:
D:1:      amcnicky_arrival_underground_garden, layout_loops_ring
D:2:      layout_basic, minivault_26
D:3:      layout_rooms, lemuel_tele_altar, ebering_ghost_inner_flame, uniq_ijyb,
          uniq_grinder
D:4:      layout_loops_cross, serial_library,
          serial_library_hellmonk_small_corner,
          serial_library_hellmonk_statue_hall, serial_library_hellmonk_room_c,
          serial_library_hellmonk_small_alcove, serial_shops, shop, uniq_edmund,
          uniq_natasha, uniq_menkaure
D:5:      layout_gridville, grunt_ministairs_14
D:6:      layout_loops_ring, nicolae_gozag_zags_fifth_avenue, serial_shops,
          nicolae_shop_getting_attention, dk_noncrumbling_3, uniq_pikel
D:7:      layout_basic, minmay_temple_entry_offerings
D:8:      layout_loops_ring, dpeg_oklobed_lair, gammafunk_ghost_cemetery,
          roderic_batcave, nicolae_have_a_lightning_rod
D:9:      layout_layer_cave, serial_shops, nicolae_shop_tiny_real_fake_doors,
          enter_bailey_4, minmay_misc_feat_diagonals, uniq_maurice
D:10:     layout_loops_ring, uniq_erolcha
D:11:     layout_loops_ring, orc_0_dummy
D:12:     regret_index_all_hallows'_manor, layout_basic, minmay_variable_closet
D:13:     minmay_the_grid_3x3 [minmay_the_grid_large_cup,
          minmay_the_grid_medium_cups, minmay_the_grid_minigrid_large,
          minmay_the_grid_garden, minmay_the_grid_gridbox, minmay_the_grid_tree,
          minmay_the_grid_mess, minmay_the_grid_box_x,
          minmay_the_grid_prize_four_corners], layout_basic,
          hangedman_vaults_entry_quadrant_bands,
          portal_ice_cave_entry_pillars_1, dancing_weapons_uskayaw, uniq_kirke,
          uniq_azrael
D:14:     layout_irregular_city, gauntlet_entry_generic,
          hangedman_decor_opposing
D:15:     gammafunk_depths_entry_grave, layout_stronghold,
          minmay_misc_feat_alley, uniq_roxanne
Temple:   mainiacjoe_temple_big_plus
Lair:1:   layout_gridlike, basic_altar, lemuel_fruit_fields, grunt_megastairs_2
Lair:2:   layout_hall_layers, dummy_snake_entry,
          nicolae_volcano_entry_lava_flow, serial_forest,
          infiniplex_forest_clump_medium, infiniplex_forest_straight_2,
          infiniplex_forest_clump_double, infiniplex_forest_lined_corner,
          infiniplex_forest_lined_corner, infiniplex_forest_straight_4,
          infiniplex_forest_straight_4, infiniplex_forest_zigzag_1,
          infiniplex_forest_lined_corner
Lair:3:   layout_cave_pods, elwin_shoals_entry_rocks, uniq_fannar
Lair:4:   layout_small_grid, minmay_slime_entry_pillars, serial_bayou_shore_a,
          grunt_megastairs_3
Lair:5:   grunt_lair_end_beastmaster, layout_loops_ring, serial_bayou_crossing
Shoals:1: layout_shoals, nicolae_shoals_square_sea_wall, uniq_jorgrun
Shoals:2: layout_shoals, serial_shops, nicolae_square_shop, nicolae_tricolors
Shoals:3: layout_shoals, serial_shops, shop, shop, shop, shop
Shoals:4: shoals_end_grunt_garden, layout_shoals, serial_shops, shop
Snake:1:  layout_rooms, gammafunk_ghost_arena, nicolae_coiled_stairwell_down,
          serial_bayou_shore_b, uniq_louise
Snake:2:  layout_misc_corridors, special_room, uniq_frances
Snake:3:  layout_cave_town, serial_shops, nicolae_shop_pleasant_corner_grove
Snake:4:  hellmonk_snake_rune_quicksilver_temple, layout_gridlike,
          grunt_megastairs_5
Orc:1:    cheibrodos_orc_arena, layout_caves, uniq_snorg, uniq_sonja
Orc:2:    st_orc_open, layout_diamond_mine
Elf:1:    minmay_elf_arrival_circle, layout_loops_corners,
          minmay_elf_annihilation
Elf:2:    nicolae_elf_blades_splatter_lattice [grunt_blade_entry_basic],
          layout_loops_ring, serial_shops, nicolae_shop_tiny_statue_garden,
          nicolae_shop_crystal, nicolae_shop_peninsula, shop, shop_statue,
          uniq_agnes, uniq_norris, uniq_zenata
Elf:3:    minmay_elf_hall_golems, layout_gridlike, serial_shops,
          nicolae_shop_peninsula
Vaults:1: vaults_room_grunt_arrival_ludios, nicolae_vaults_more_shelving_2,
          v_misc_2, nicolae_vaults_apartment_2, v_alt_pattern_1,
          nicolae_vaults_heart-shaped_vault, nicolae_vaults_lopsided_apartments,
          v_misc_4, nicolae_vaults_asterisk, grunt_vaults_hallway_long,
          nicolae_vaults_double_plus_2, v_misc_28, layout_vaults_maze,
          serial_shops, nicolae_shop_peninsula, uniq_saint_roka
Vaults:2: v_misc_26, vaults_room_grid, nicolae_vaults_little_squares_6,
          grunt_vaults_trifunnel, v_misc_12, nicolae_vaults_stand_back,
          nicolae_vaults_house_3, ontoclasm_vaults_twist, v_alt_pattern_2,
          nicolae_vaults_network_star, layout_vaults_omnicross
Vaults:3: gammafunk_ghost_wrathful_warriors, blue_anna_dwarven_crypt, v_misc_1,
          nicolae_vaults_fighting_squares, v_alt_pattern_6,
          nicolae_vaults_specimen_jars, nicolae_vaults_three_branches,
          ontoclasm_vaults_claustrophobia, hangedman_vaults_stretched_pinwheel,
          vaults_mumra_lcd, grunt_vaults_twisty, nicolae_vaults_octothorpe,
          vaults_room_fours, layout_vaults_omnibox
Vaults:4: vaults_dpeg_diagonal, nicolae_vaults_twisting_passages, v_misc_14,
          nicolae_vaults_stairing_the_circle, hangedman_vaults_corner_blocks,
          nicolae_vaults_apartment_1, vaults_room_door_hall,
          nicolae_vaults_cochlea, vaults_room_pools, layout_vaults_quadrants,
          enter_trove_6, serial_shops, shop, uniq_donald
Depths:1: layout_forbidden_donut, glass_columns_c, hangedman_coc_ice_floe,
          serial_column_ruins, column_ruins_portal_island,
          column_ruins_temple_hut, column_ruins_hut, column_ruins_grid_1,
          column_ruins_open_small, column_ruins_columns_straight,
          column_ruins_grid_3, column_ruins_grid_2, column_ruins_grid_1,
          minmay_librarian, infiniplex_staircase_pool_lava
Depths:2: minmay_diamond_stairs, layout_gridlike, lemuel_crystal_altar,
          grunt_pan_entry_spiral, infiniplex_enter_wizlab_glasses, hell_entry,
          special_room [special_room_morgue], abyss_entry, minmay_shop_grove,
          serial_bayou_shore_b

Skill      XL: |  1  2  3  4  5  6  7  8  9 10 11 12 13 14 15 16 17 18 19 20 21 22 |
---------------+-------------------------------------------------------------------+-----
Fighting       | 1 2 3 4 5 7 8 9 11 12 13 14 15 16 17 18 | 18.9
Earth Magic    | 3 4 5 7 8 9 10 11 12 13 14 15 | 15.6
Dodging        | 2 3 |  3.0
Armour         | 1 2 3 4 5 6 7 9 12 14 15 16 | 16.6
Spellcasting   | 3 4 5 6 7 8 10 11 12 13 14 15 16 | 16.9
Conjurations   | 2 3 4 6 7 8 9 10 11 12 13 | 13.0
Evocations     | 3 4 6 |  6.0
Shields        | 1 9 10 11 12 13 14 15 | 15.0
Translocations | 1 2 3 |  3.0
Stealth        | 3 |  3.0
Polearms       | 3 5 6 |  6.1
Air Magic      | 1 3 |  3.0
Necromancy     | 3 5 6 |  6.0
Ice Magic      | 3 5 6 |  6.0
Shapeshifting  | 6 9 10 | 10.5

Action                     |  1- 3 |  4- 6 |  7- 9 | 10-12 | 13-15 | 16-18 | 19-21 | 22-24 || total
---------------------------+-------+-------+-------+-------+-------+-------+-------+-------++-------
  Melee: Short sword       |    12 |       |       |       |       |       |       |       ||    12
         Unarmed           |     4 |       |       |       |       |       |       |       ||     4
         Touch             |     2 |     6 |    12 |       |       |       |       |       ||    20
         Whip              |     8 |    38 |    81 |    74 |       |       |       |       ||   201
         Demon trident     |       |       |       |   156 |   453 |   509 |   494 |   126 ||  1738
         Demon blade       |       |       |       |       |    49 |       |       |       ||    49
         Falchion          |       |       |       |       |       |    21 |     9 |    24 ||    54
         Dagger            |       |       |       |       |       |     1 |    13 |       ||    14
         Morningstar       |       |       |       |       |       |       |       |    38 ||    38
  Throw: Throwing net      |       |       |       |     1 |       |       |       |       ||     1
   Cast: Sandblast         |    48 |    34 |    97 |    95 |    44 |     2 |     4 |     2 ||   326
         Stone Arrow       |       |    10 |    85 |   216 |   439 |   145 |   161 |    27 ||  1083
         Iskenderun's Myst |       |       |       |     8 |    10 |     4 |    21 |     8 ||    51
         Brom's Barrelling |       |       |       |     4 |     5 |       |       |       ||     9
         Passwall          |       |       |       |     3 |    13 |     7 |       |     2 ||    25
         Mephitic Cloud    |       |       |       |     2 |    55 |    25 |    14 |     1 ||    97
         Bombard           |       |       |       |       |    33 |    58 |    54 |    31 ||   176
         Arcjolt           |       |       |       |       |     2 |    41 |    31 |       ||    74
         Borgnjor's Vile C |       |       |       |       |     1 |   159 |   259 |    97 ||   516
         Freezing Cloud    |       |       |       |       |       |   122 |    88 |    21 ||   231
         Irradiate         |       |       |       |       |       |     4 |       |     1 ||     5
         Lee's Rapid Decon |       |       |       |       |       |       |       |     6 ||     6
         Lehudib's Crystal |       |       |       |       |       |       |       |     5 ||     5
  Evoke: Wand              |       |     3 |     2 |    16 |     2 |     1 |     6 |     9 ||    39
         Tin of tremorston |       |       |       |       |     4 |       |     1 |       ||     5
         Box of beasts     |       |       |       |       |     1 |       |       |       ||     1
    Use: Scroll            |       |       |     8 |    15 |     9 |    10 |     3 |     2 ||    47
         Potion            |       |       |       |     4 |     4 |       |     1 |     1 ||    10
   Stab: Sleeping          |       |     1 |       |       |     1 |     2 |       |       ||     4
         Paralysed         |       |       |       |    14 |       |       |       |       ||    14
         Held in net/web   |       |       |       |     1 |       |       |       |       ||     1
         Confused          |       |       |       |       |    12 |    13 |       |       ||    25
         Petrified         |       |       |       |       |       |     7 |       |       ||     7
         Distracted        |       |       |       |       |       |     1 |       |     1 ||     2
         Invisible         |       |       |       |       |       |       |       |     2 ||     2
 Armour: Robe              |    17 |       |       |       |    17 |       |       |       ||    34
         Leather armour    |     5 |    46 |   114 |   201 |    80 |       |       |       ||   446
         Acid dragon scale |       |       |       |   102 |   229 |   299 |       |       ||   630
         Skin              |       |       |       |       |     1 |       |       |       ||     1
         Chain mail        |       |       |       |       |   113 |   256 |   563 |    45 ||   977
         Quicksilver drago |       |       |       |       |       |       |       |   219 ||   219
  Dodge: Dodged            |    31 |    41 |   102 |   192 |   134 |   101 |    90 |   112 ||   803
  Block: Kite shield       |       |       |    11 |   242 |   555 |   278 |    18 |   167 ||  1271
         Reflection        |       |       |       |       |    25 |   137 |    92 |     8 ||   262
         Tower shield      |       |       |       |       |       |   557 |   849 |       ||  1406
         Form:             |       |       |       |       |       |       |     1 |       ||     1
         Statue            |       |       |       |       |       |       |     1 |       ||     1

Table legend: (Time is in decaauts)
 A = Elapsed time spent in this place.
 B = Non-inter-level travel time spent in this place.
 C = Inter-level travel time spent in this place.
 D = Time resting spent in this place.
 E = Time spent auto-exploring this place.
 F = Levels seen in this place.
 G = Mean time per level.
                   A        B        C        D        E       F      G
               +--------+--------+--------+--------+--------+-----+--------+
         Total |  69387 |  64999 |   4388 |  18176 |  30288 |  45 | 1541.9 |
       Dungeon |  24814 |  23150 |   1664 |   7037 |  10481 |  15 | 1654.3 |
        Temple |    230 |    187 |     43 |    165 |      0 |   1 |  230.0 |
          Lair |   6413 |   5796 |    617 |    588 |   3968 |   5 | 1282.6 |
        Shoals |   6879 |   6532 |    347 |   1522 |   3576 |   4 | 1719.8 |
     Snake Pit |   5530 |   5331 |    199 |   1401 |   2500 |   4 | 1382.5 |
  Orcish Mines |   1701 |   1443 |    258 |    259 |    936 |   2 |  850.5 |
   Elven Halls |   7788 |   7422 |    366 |   2871 |   2832 |   3 | 2596.0 |
        Vaults |   7953 |   7225 |    728 |    965 |   4475 |   4 | 1988.2 |
        Depths |   3638 |   3474 |    164 |   1175 |   1280 |   2 | 1819.0 |
        Bailey |   1081 |   1081 |      0 |    540 |      0 |   1 | 1081.0 |
      Ice Cave |   1220 |   1220 |      0 |    621 |     26 |   1 | 1220.0 |
       Volcano |    567 |    567 |      0 |    193 |      0 |   1 |  567.0 |
        Wizlab |    972 |    972 |      0 |    546 |     42 |   1 |  972.0 |
      Gauntlet |    595 |    595 |      0 |    291 |    172 |   1 |  595.0 |
               +--------+--------+--------+--------+--------+-----+--------+

Top non-repeatable levels by time:
    D:12: 4432 daAuts
    D:13: 4277 daAuts
   Elf:3: 2781 daAuts
Shoals:3: 2775 daAuts
   Elf:2: 2758 daAuts
Vaults:1: 2434 daAuts
   Elf:1: 2247 daAuts
     D:9: 2061 daAuts
 Snake:4: 1927 daAuts
Vaults:4: 1874 daAuts
Depths:1: 1866 daAuts
Shoals:4: 1839 daAuts
    D:15: 1828 daAuts
Vaults:3: 1823 daAuts
Vaults:2: 1821 daAuts
